Map: Ice and Chrome LE

Players

Astrea - Winner!

  • Race: Protoss Protoss
  • League: Master
  • Spawn Location: 1:00

Robbie (Rob)

  • Race: Protoss Protoss
  • League: Grandmaster
  • Spawn Location: 7:00

Event: DreamHack SC2 Masters 2020 Fall

VOD

Have the link to the VOD?

Description

Time

  • Played on: Sept. 6, 2020, 4:17 p.m.
  • Length: 6:37

All games in this series

Show
View Real Time Build Order
Export as new Build Order

Astrea Protoss - Winner!

Build Orders:  

Get SALT Encoding   

  12  0:00  Probe  
  13  0:12  Probe  
  14  0:18  Pylon  
  14  0:24  Probe (Chrono Boost)  
  15  0:36  Probe (Chrono Boost)  
  15  0:39  Gateway  
  16  0:45  Probe (Chrono Boost)  
  16  0:46  Assimilator  
  17  0:51  Probe  
  17  0:54  Assimilator  
  18  1:03  Probe (Chrono Boost)  
  19  1:07  Gateway  
  20  1:12  Probe (Chrono Boost)  
  20  1:17  Probe (Chrono Boost)  
  21  1:25  Cybernetics Core  
  21  1:29  Probe  
  22  1:35  Pylon  
  22  1:41  Probe  
  23  1:53  Probe  
  24  2:03  Pylon, Stalker  
  24  2:05  Stalker  
  24  2:07  Warp Gate  
  28  2:21  Robotics Facility  
  28  2:32  Shield Battery  
  28  2:33  Stalker  
  30  2:38  Stalker  
  32  2:48  Gateway  
  32  3:06  Immortal (Chrono Boost)  
  32  3:07  Sentry  
  38  3:43  Pylon  
  38  3:58  Warp Prism (Chrono Boost), Pylon  
  40  4:06  Stalker x3  
  44  4:30  Sentry x3  
  50  5:00  Zealot x2  
  54  5:08  Pylon  
  54  5:20  Pylon  
  54  5:21  Immortal (Chrono Boost)  
  50  5:32  Zealot x2, Sentry  
  56  5:38  Robotics Bay  
  56  5:40  Shield Battery  
  56  5:41  Shield Battery  
  56  5:42  Shield Battery  
  56  5:49  Shield Battery  
  54  6:14  Stalker x3  
Show
View Real Time Build Order
Export as new Build Order

Robbie Protoss 

Build Orders: Nexus First 

Get SALT Encoding   

  12  0:00  Probe  
  13  0:12  Probe  
  14  0:18  Pylon  
  14  0:24  Probe (Chrono Boost)  
  15  0:37  Probe (Chrono Boost)  
  16  0:45  Probe (Chrono Boost)  
  17  0:51  Probe  
  18  1:00  Nexus  
  18  1:10  Gateway  
  18  1:12  Probe  
  18  1:18  Assimilator  
  19  1:25  Probe  
  20  1:26  Assimilator  
  20  1:35  Gateway  
  20  1:38  Probe  
  21  1:50  Probe (Chrono Boost)  
  22  1:57  Cybernetics Core  
  22  2:00  Probe (Chrono Boost)  
  23  2:05  Pylon  
  23  2:12  Probe  
  23  2:13  Probe  
  25  2:24  Probe  
  25  2:25  Warp Gate, Probe  
  27  2:30  Stalker x2 (Chrono Boost)  
  31  2:44  Robotics Facility  
  31  2:47  Probe x2  
  33  2:56  Pylon  
  35  3:06  Shield Battery  
  35  3:09  Stalker  
  35  3:11  Stalker  
  37  3:18  Shield Battery  
  35  3:29  Shield Battery  
  35  3:34  Immortal (Chrono Boost)  
  36  3:50  Pylon  
  32  4:06  Immortal (Chrono Boost)  
  36  4:16  Zealot, Stalker  
  40  4:30  Probe  
  41  4:38  Immortal (Chrono Boost)  
  41  4:43  Stalker  
  45  4:46  Zealot  
  39  5:09  Stalker  
  39  5:11  Stalker  
  38  5:29  Probe x2  
  38  5:32  Immortal (Chrono Boost)  
  44  5:41  Probe  
  45  5:48  Stalker  
  43  5:54  Stalker  
  37  6:12  Stalker  
  35  6:22  Gateway  
  35  6:23  Stalker  

Tags
 
Add a new tag
Caveats
  • Supply blocks, unpowered buildings, or Contaminate may cause inaccurate times.
  • Supply counts are checked every 10 seconds.